 Dungeon Crawl Stone Soup version 0.27.1-37-g7b29ead8ac (console) character file.

Game seed: 15034530700163345374

9 grimtooth the Sneak (level 1, -2/18 HPs)
             Began as a Demigod Delver on Jan 16, 2024.
             Slain by a bullfrog (7 damage)
             ... on level 4 of the Dungeon.
             The game lasted 00:02:06 (255 turns).

grimtooth the Sneak (Demigod Delver)                 Turns: 255, Time: 00:02:06

Health: -2/18      AC:  3    Str: 13    XL:     1   Next: 86%
Magic:  3/3        EV: 11    Int: 12    God:
Gold:   0          SH:  0    Dex: 15    Spells: 0/0 levels left

rFire    . . .     SeeInvis .   a - +0 hand axe
rCold    . . .     Faith    .   (no shield)
rNeg     + . .     Spirit   .   b - +0 leather armour
rPois    .         Reflect  .   (no helmet)
rElec    .         Harm     .   (no cloak)
rCorr    .         Rampage  .   (no gloves)
Will     .....                  (no boots)
Stlth    +++.......             (no amulet)
HPRegen  0.06/turn              h - ring of positive energy
MPRegen  0.08/turn              (no ring)

@: no status effects
A: high mp 1, forlorn
a: no special abilities


You were on level 4 of the Dungeon.
You visited 1 branch of the dungeon, and saw 2 of its levels.

Inventory:

Hand Weapons
 a - a +0 hand axe (weapon)
Missiles
 k - 11 sling bullets
Armour
 b - a +0 leather armour (worn)
Jewellery
 h - a ring of positive energy (left hand)
Wands
 g - a wand of digging (3)
Scrolls
 c - a scroll of fog
 d - a scroll of magic mapping
 e - a scroll of fear
 i - a scroll of acquirement {unknown}
 j - a scroll of enchant armour {unknown}
Potions
 f - a potion of haste


   Skills:
 - Level 2.6 Fighting
 * Level 2.3 Axes
 - Level 1.7 Dodging
 + Level 4.6 Stealth


You couldn't memorise any spells.
You didn't know any spells.
Your spell library was empty.

Dungeon Overview and Level Annotations

Branches:
Dungeon (5/15)
 Temple: D:4-7


Innate Abilities, Weirdness & Mutations

Your attributes grow dramatically as you level up.
You have an increased reservoir of magic. (+10% MP)
You shall have no god before yourself.


Message History

Your Axes skill increases to level 2!
You start resting.
You feel sick. x5
You are no longer poisoned.
You start resting.
HP restored.
Found a shiny ivory ring.
Found a stone staircase leading up.
h - a ring of positive energy
h - a ring of positive energy (left hand)
Found 11 sling bullets.
Found a scroll labelled TYISSOMASO.
i - a scroll labelled TYISSOMASO
j - a scroll labelled QYAZIR DOPRAA
k - 11 sling bullets
There is a stone staircase leading up here.
You climb upwards.
Found a robe, 23 bolts and 6 gold pieces.
There is a stone staircase leading down here.
The kobold shouts!
You climb downwards.
There is a stone staircase leading up here.
Found an escape hatch in the ceiling.
There is an escape hatch in the ceiling here.
A mysterious force pulls you upwards. The hatch slams shut behind you.
The endoplasm quivers.
Enter note: - well drat The endoplasm misses you.
The endoplasm jiggles.
The goblin shouts!
The bullfrog croaks.
Found 15 arrows.
The endoplasm closely misses you.
An orc comes into view. It is wielding a +0 war axe.
The orc shouts!
The orc moves out of view.
The bullfrog hits you but does no damage.
The bullfrog hits you!
Found a stone staircase leading up.
You closely miss the bullfrog. The bullfrog hits you.
* * * LOW HITPOINT WARNING * * *
The bullfrog hits you!
You die...

.. ..# ... ..# . ..
...# . #. #..#
###.######..#
#(..........# .
#.........#
.#####....##g#.#
..........##...#
.......g..####.####
.........## #JF@.#
.........# ####.#
(...w....# .#
.........# <#
.........# ##
.........#
.........#
.........#
.........#
.........#
.........#


You could see a bullfrog, an endoplasm and a goblin.

Vanquished Creatures
  An adder (D:5)
1 creature vanquished.

Notes
Turn   | Place    | Note
-------+----------+-------------------------------------------
     0 | D:5      | grimtooth the Demigod Delver began the quest for the Orb.
     0 | D:5      | Reached XP level 1. HP: 18/18 MP: 3/3
   240 | D:4      | Noticed a bullfrog
   241 | D:4      | - well drat
   255 | D:4      | Slain by a bullfrog

Illustrated notes

##....#..... #...$......
#........#
##......[.##..#####....#
..........# ...........#
..K..Z>..####.F........#
......................#
......................#
.............(........#
................J.....#
....######.w...g@.....#
#### #............#
#............#
#............#
#............#
#............#
#K...........#
##############


Turn 241 on D:4: - well drat

Levels and vault maps discovered:
D:4:      layout_basic, mainiacjoe_overflow_24_doors, xom_butterflies,
          zin_purify, kennysheep_little_box, hangedman_decor_growths
D:5:      layout_cave_pods, uniq_prince_ribbit1, uniq_duvessa

Skill      XL: |  1 |
---------------+----+-----
Axes           | 2 |  2.3
Fighting       | |  2.6
Dodging        | |  1.7
Stealth        | |  4.6

Action                   || total
-------------------------++-------
Melee: Hand axe          ||     8
Armor: Leather armour    ||     4
Dodge: Dodged            ||     7
